 Dungeon Crawl Stone Soup version 0.18-b1-18-g7758cf2 (webtiles) character file.

1515 HaroldButt the Martial Artist (level 8, -3/47 HPs)
             Began as a Vine Stalker Monk on May 2, 2016.
             Slain by Prince Ribbit (14 damage)
             ... on level 6 of the Dungeon.
             The game lasted 00:24:47 (4501 turns).

HaroldButt the Martial Artist (Vine Stalker Monk)   Turns: 4501, Time: 00:24:48

Health: -3/47      AC:  5    Str: 20    XL:     8   Next: 83%
Magic:  0/9        EV: 14    Int: 10    God:
Gold:   319        SH:  0    Dex: 18    Spells: 0 memorised, 7 levels left

rFire  . . .     SeeInvis .       - Unarmed
rCold  . . .     Gourm    +     q - +0 ring mail
rNeg   . . .     Faith    .     (no shield)
rPois  .         Spirit   +     (helmet restricted)
rElec  .         Dismiss  .     (no cloak)
rCorr  .         Reflect  .     (no gloves)
SustAt .         Harm     .     (no boots)
MR     ++...                    u - amulet of the gourmand
Stlth  ++........               (no ring)
                                s - ring of protection from magic

@: mighty, very resistant to hostile enchantments, unstealthy
A: antennae 1, fangs 3, regeneration 2, robust 1, evolution 1, magic shield,
antimagic bite, no device heal 3, rot immunity
a: no special abilities


You were on level 6 of the Dungeon.
You were very full.

You visited 2 branches of the dungeon, and saw 10 of its levels.

You collected 319 gold pieces.

Inventory:

Missiles
 i - a throwing net (quivered)
 l - 18 poisoned needles
Armour
 a - a +0 robe
 q - a +0 ring mail (worn)
 y - a +1 leather armour of positive energy
Jewellery
 c - an uncursed ring of flight
 s - a ring of protection from magic (left hand)
 u - an amulet of the gourmand (around neck)
Wands
 d - a wand of paralysis (24/24)
Scrolls
 e - 2 scrolls of blinking
 j - 2 scrolls of remove curse
 k - a scroll of fear
 x - a scroll of identify
 z - a scroll of teleportation
Potions
 f - 5 potions of curing
 g - a potion of lignification
 m - a potion of flight
 p - a potion of haste
 w - a potion of brilliance
Books
 r - a book of Necromancy

   Spells                             Type                      Level
   a - Pain                           Necromancy                   1
   b - Animate Skeleton               Necromancy                   1
   c - Vampiric Draining              Necromancy                   3
   d - Regeneration                   Charms/Necromancy            3
   e - Animate Dead                   Necromancy                   4
   f - Control Undead                 Necromancy                   4
 v - Sif Muna's Compendium of Dislocation
   (You found it on level 5 of the Dungeon)

   Spells                             Type                      Level
   a - Apportation                    Translocation                1
Comestibles
 b - 4 bread rations
 h - a beef jerky
 n - a meat ration
 o - 2 fruits


   Skills:
 + Level 5.3 Fighting
 + Level 5.1 Dodging
 - Level 2.4 Stealth
 - Level 12.4 Unarmed Combat


You had 7 spell levels left.
You didn't know any spells.

Dungeon Overview and Level Annotations

Branches:
Dungeon (9/15)             Temple (1/1) D:5
   Lair: D:8-11         Orc: D:9-12

Altars:
Ashenzari
Dithmenos
Elyvilon
Fedhas
Gozag
Kikubaaqudgha
Makhleb
Nemelex Xobeh
Pakellas
Qazlal
Sif Muna
Trog
Vehumet
Zin
The Shining One

Shops:
D:6 (

Annotations:
D:6 Prince Ribbit
D:8 Gastronok


Innate Abilities, Weirdness & Mutations

You have razor-sharp teeth.
You heal very quickly.
When hurt, damage is shared between your health and your magic reserves.
Your bite disrupts and absorbs the magic of your enemies.
Potions and wands cannot restore your health.
You are immune to rotting.
You have a pair of small antennae on your head.
You are robust (+10% HP).
You evolve.


Message History

Prince Ribbit completely misses you.
You miss Prince Ribbit. Your punch misses Prince Ribbit.
Your bite misses Prince Ribbit.
Prince Ribbit is moderately wounded.
Prince Ribbit hits you but does no damage.
You closely miss Prince Ribbit.
Prince Ribbit is moderately wounded.
Prince Ribbit closely misses you.
You barely miss Prince Ribbit.
Prince Ribbit is moderately wounded.
Prince Ribbit hits you! x2
* * * LOW HITPOINT WARNING * * *
Drink which item? (? for menu, Esc to quit)
You feel very mighty all of a sudden. Prince Ribbit barely misses you.
You punch Prince Ribbit!
Prince Ribbit is heavily wounded.
Prince Ribbit blinks!
Prince Ribbit hits you!
You die...

........................'..>#
.............#..........#####
## .............#..........#
#. ...........[.#...#'######
#. .............#...#.#####
#. .........>...#...#.....#
#. .............#...#.....#
#. .............#...#.....#
#. ................@F[....#
#. .............#####.....#
#. .............# #.....# #.
.............# #..#### #.
...(.([......# #..# ##
.............# #..#
.............#####..#
....................#
..............####.##


You could see Prince Ribbit.

Vanquished Creatures
  The ghost of HaroldButt the Cudgeler, an amateur OgGl (D:3)
  2 sky beasts
  An ice beast (D:6)
  An ogre (D:8)
  A phantom (D:9)
  A centaur (D:5)
  A giant frog (D:6)
  A water moccasin zombie (D:8)
  A hound (D:6)
  2 jellies
  5 orc wizards
  An orc priest (D:6)
  2 giant frog skeletons
  2 worker ants
  An iguana (D:6)
  Ijyb (D:4)
  A hound zombie (D:5)
  3 gnolls (D:2)
  5 adders
  3 shadow imps
  An ooze (D:2)
  An adder skeleton (D:6)
  A worm (D:2)
  5 dart slugs
  2 giant geckos
  13 orcs
  8 giant cockroaches
  15 goblins
  6 hobgoblins
  16 jackals
  2 quokkas (D:4)
  2 ball pythons
  6 bats
  A giant gecko skeleton (D:5)
  A giant gecko zombie (D:5)
  2 giant newts (D:2)
  7 kobolds
  A quokka skeleton (D:4)
  6 rats (D:1)
132 creatures vanquished.

Notes
Turn   | Place    | Note
--------------------------------------------------------------
     0 | D:1      | HaroldButt the Vine Stalker Monk began the quest for the Orb.
     0 | D:1      | Reached XP level 1. HP: 11/11 MP: 2/2
   329 | D:1      | Reached XP level 2. HP: 16/16 MP: 3/3
   536 | D:1      | Reached XP level 3. HP: 19/19 MP: 4/4
   662 | D:1      | Reached skill level 5 in Unarmed Combat
   760 | D:2      | Found an oddly glowing altar of Pakellas.
   946 | D:2      | Reached XP level 4. HP: 20/23 MP: 5/5
   959 | D:2      | Found a burning altar of Makhleb.
   974 | D:2      | Reached skill level 12 in Unarmed Combat
   974 | D:2      | Reached XP level 5. HP: 26/27 MP: 6/6
  1479 | D:3      | Noticed HaroldButt's ghost (amateur OgGl)
  1519 | D:3      | Killed HaroldButt's ghost
  1519 | D:3      | Gained mutation: You heal very quickly. [Vine Stalker growth]
  1519 | D:3      | Reached XP level 6. HP: 32/32 MP: 7/7
  1770 | D:3      | Found a glowing silver altar of Zin.
  1770 | D:3      | Found an opulent altar of Gozag.
  2586 | D:4      | Noticed Ijyb
  2598 | D:4      | Killed Ijyb
  2598 | D:4      | Reached XP level 7. HP: 29/36 MP: 6/8
  2931 | D:5      | Entered Level 5 of the Dungeon
  2959 | D:5      | Found a white marble altar of Elyvilon.
  3107 | D:5      | Gained mutation: You have a pair of small antennae on your head. [potion of mutation]
  3107 | D:5      | Gained mutation: You evolve. [potion of mutation]
  3107 | D:5      | Gained mutation: You are robust (+10% HP). [potion of mutation]
  3143 | D:5      | Found a staircase to the Ecumenical Temple.
  3219 | Temple   | Entered the Ecumenical Temple
  3544 | D:5      | Found an ancient bone altar of Kikubaaqudgha.
  3544 | D:5      | Found a deep blue altar of Sif Muna.
  3546 | D:5      | Found a radiant altar of Vehumet.
  3554 | D:5      | Identified Sif Muna's Compendium of Dislocation
  3563 | D:5      | Found a sparkling altar of Nemelex Xobeh.
  3768 | D:6      | Gained mutation: You have razor-sharp teeth. [Vine Stalker growth]
  3768 | D:6      | Reached XP level 8. HP: 11/46 MP: 3/9
  3819 | D:6      | Found Xifoag's Weapon Shop.
  4024 | D:6      | Noticed Prince Ribbit
  4110 | D:8      | Reached skill level 5 in Fighting
  4111 | D:8      | Noticed Gastronok
  4303 | D:9      | Reached skill level 5 in Dodging
  4501 | D:6      | Slain by Prince Ribbit

Skill      XL: |  1  2  3  4  5  6  7  8 |
---------------+-------------------------+-----
Unarmed Combat | 5 12 | 12.4
Fighting       | 3 4 5 |  5.3
Dodging        | 3 4 5 |  5.1
Stealth        | |  2.4

Action                   |  1- 3 |  4- 6 |  7- 9 || total
-------------------------+-------+-------+-------++-------
Melee: Unarmed           |    72 |   135 |   155 ||   362
       Bite              |    11 |    30 |    52 ||    93
       Punch             |     1 |     7 |     7 ||    15
 Abil: Evoke Flight      |       |     1 |       ||     1
  Use: Scroll            |     5 |     5 |    12 ||    22
       Potion            |       |     2 |     2 ||     4
 Stab: Sleeping          |     7 |     7 |     1 ||    15
       Distracted        |       |     2 |       ||     2
  Eat: Chunk             |       |     6 |    16 ||    22
Armor: Robe              |    12 |    17 |     3 ||    32
       Ring mail         |       |       |    25 ||    25
Dodge: Dodged            |    42 |    75 |    61 ||   178
